 Dungeon Crawl Stone Soup version 0.28-a0-1435-g82390b3a13 (webtiles) character file.

Game seed: 71963073308260830

3024 HallandMoats the Skirmisher (level 9, -2/73 HPs)
             Began as a Demonspawn Fighter on Jan 9, 2022.
             Was an Initiate of Okawaru.
             Killed by divine providence
             ... invoked by an orc priest
              (16 damage)
             ... on level 8 of the Dungeon.
             The game lasted 00:08:27 (7836 turns).

HallandMoats the Skirmisher (Demonspawn Fighter)    Turns: 7836, Time: 00:08:28

Health: -2/73      AC: 18    Str: 22    XL:     9   Next: 55%
Magic:  9/9        EV: 12    Int:  9    God:    Okawaru [......]
Gold:   418        SH:  6    Dex: 18    Spells: 8/8 levels left

rFire   . . .      SeeInvis +   F - +5 scimitar
rCold   . . .      Faith    .   c - +0 buckler
rNeg    . . .      Spirit   .   f - +0 scale mail
rPois   .          Reflect  .   (no helmet)
rElec   .          Harm     .   d - +0 cloak
rCorr   .          Rampage  .   z - +0 pair of gloves
Will    .....                   (no boots)
Stlth   ..........              (no amulet)
HPRegen 0.22/turn               q - ring of see invisible
MPRegen 0.11/turn               w - +6 ring of dexterity

@: sanguine armoured
A: claws 1, spiny 2, sanguine armour 2
a: Renounce Religion


You were on level 8 of the Dungeon.
You worshipped Okawaru.
Okawaru was noncommittal.
You visited 2 branches of the dungeon, and saw 9 of its levels.

You collected 418 gold pieces.

Inventory:

Hand Weapons
 a - a +2 hand axe of electrocution
 b - a +1 whip of venom
 D - a +2 spear of venom
 F - a +5 scimitar (weapon)
Missiles
 E - a throwing net (quivered)
Armour
 c - a +0 buckler (worn)
 d - a +0 cloak (worn)
 f - a +0 scale mail (worn)
 z - a +0 pair of gloves (worn)
Jewellery
 q - a ring of see invisible (left hand)
 u - a ring of magical power
 w - a +6 ring of dexterity (right hand)
 C - an amulet of magic regeneration
 G - a ring of protection from cold
Wands
 s - a wand of iceblast (14)
 A - a wand of flame (25)
Scrolls
 e - 2 scrolls of blinking {unknown}
 h - 6 scrolls of identify {unknown}
 k - a scroll of magic mapping {unknown}
 n - 4 scrolls of fog {unknown}
 p - a scroll of immolation {unknown}
 r - a scroll of enchant weapon {unknown}
 t - a scroll of noise {unknown}
 x - a scroll of amnesia {unknown}
 y - 2 scrolls of enchant armour {unknown}
 B - 2 scrolls of holy word {unknown}
 H - a scroll of teleportation {unknown}
Potions
 g - 3 potions of curing {unknown}
 i - 3 potions of degeneration {unknown}
 j - a potion of attraction {unknown}
 l - 2 potions of haste {unknown}
 m - 2 potions of heal wounds {unknown}
 o - a potion of ambrosia {unknown}
 v - 2 potions of magic {unknown}


   Skills:
 * Level 7.6 Fighting
 * Level 6.8 Axes
 + Level 5.4 Armour
 + Level 4.2 Dodging
 - Level 5.2 Shields
 + Level 1.3 Invocations


You had 8 spell levels left.
You didn't know any spells.
Your spell library contained the following spells:

 Spells                   Type           Power      Damage    Failure   Level
 Summon Small Mammal      Summ           Unusable   N/A       N/A         1
 Call Canine Familiar     Summ           Unusable   N/A       N/A         3
 Summon Guardian Golem    Hex/Summ       Unusable   N/A       N/A         3

Dungeon Overview and Level Annotations

Branches:
Dungeon (8/15)             Temple (1/1) D:7
   Lair: D:8-11

Altars:
Ashenzari
Cheibriados
Dithmenos
Fedhas
Gozag
Hepliaklqana
Makhleb
Okawaru
Qazlal
Ru
Trog
Uskayaw
Vehumet
Wu Jian
Xom
Yredelemnul
Zin
The Shining One

Shops:
D:4 !

Annotations:
D:5 3 runed translucent doors, bande's ghost, amateur GrFi


Innate Abilities, Weirdness & Mutations

You have sharp fingernails.
You are mostly covered in sharp spines.
When seriously injured, your blood forms thick armour. (AC +9)


Message History

The orc wizard casts a spell.
The orc wizard flickers and vanishes for a moment.
You miss the orc wizard.
The orc wizard is severely wounded.
The orc priest hits you from afar with a +0 trident!
Your blood congeals into armour.
The orc wizard is struck by your spines.
You kill the orc wizard!
Okawaru accepts your kill. The orc priest barely misses you.
You bump into the rock wall.
You feel less confused.
The orc priest hits you but does no damage.
The orc priest calls down the wrath of Beogh upon you.
Beogh smites you!
Things that are here:
a +0 dagger; a +0 robe You hit the orc priest.
The orc priest is moderately wounded.
You block the orc priest's attack.
You slash the orc priest!
The orc priest is severely wounded.
The orc priest is struck by your spines.
The orc priest closely misses you.
The orc priest hits you but does no damage.
You barely miss the orc priest.
The orc priest is almost dead.
The orc priest invokes the aid of Beogh against you.
Beogh smites you!
You closely miss the orc priest.
The orc priest is almost dead.
The orc priest mumbles some strange prayers to Beogh against you.
Pain shoots through your body!
* * * LOW HITPOINT WARNING * * *
You hit the orc priest but do no damage.
The orc priest is almost dead.
The orc priest barely misses you.
The orc priest calls down the wrath of Beogh upon you.
Beogh smites you!
You die...

.# .# .. .# .#.#
...# #..#####.
#####.o.o....
#.....)o.....
#.#.#########.#
#.#..oo@....#
#.#########.# #.#
..#.# #.#.#####.#.#
#.#.....#.#.#
#.#####.#.#.#
#####.......#.#.#
#<..............#
##########.########


You could see 2 orc priests.

Vanquished Creatures
  Grinder (D:5)
  A wraith (D:5)
  A wyvern (D:6)
  2 vampire mosquitoes (D:6)
  A steam dragon (D:6)
  Edmund (D:6)
  An ice beast (D:7)
  A sky beast (D:6)
  A black bear (D:6)
  An orc warrior (D:6)
  2 necrophages
  A centaur (D:7)
  2 ogres (D:6)
  2 bullfrogs
  A gnoll sergeant (D:7)
  A scorpion (D:7)
  A wyvern skeleton (D:5)
  A water moccasin skeleton (D:5)
  4 wights (D:7)
  A bullfrog zombie (D:5)
  A bullfrog skeleton (D:5)
  2 centaur zombies
  5 hounds
  An orc priest (D:6)
  3 jellies
  2 iguanas (D:6)
  5 orc wizards
  A howler monkey zombie (D:7)
  7 gnolls
  2 adders
  2 howler monkey skeletons
  A shadow imp (D:6)
  A white imp (D:6)
  An ufetubus (D:4)
  An adder skeleton (D:4)
  3 worms (D:2)
  3 dart slugs
  15 orcs
  10 endoplasms
  A giant cockroach (D:4)
  6 goblins
  8 hobgoblins
  7 jackals
  4 quokkas
  12 ball pythons
  7 bats
  3 frilled lizards
  6 kobolds
  5 rats
152 creatures vanquished.

Vanquished Creatures (others)
  A plant (D:7)
1 creature vanquished.

Grand Total: 153 creatures vanquished

Notes
Turn   | Place    | Note
-------+----------+-------------------------------------------
     0 | D:1      | HallandMoats the Demonspawn Fighter began the quest for the
                  | Orb.
     0 | D:1      | Reached XP level 1. HP: 18/18 MP: 1/1
   193 | D:1      | Gained mutation: You are partially covered in sharp spines.
                  | [demonic ancestry]
   193 | D:1      | Reached XP level 2. HP: 24/24 MP: 2/2
   640 | D:2      | Gained mutation: When seriously injured, your blood forms
                  | armour. (AC +9) [demonic ancestry]
   640 | D:2      | Reached XP level 3. HP: 25/29 MP: 3/3
   979 | D:2      | Gained mutation: You have sharp fingernails. [demonic
                  | ancestry]
   979 | D:2      | Reached XP level 4. HP: 24/37 MP: 4/4
   984 | D:2      | Reached skill level 1 in Dodging
  1520 | D:3      | Found a hazy altar of Hepliaklqana.
  1606 | D:3      | Found a faded altar of an unknown god.
  2298 | D:4      | Reached XP level 5. HP: 36/42 MP: 5/5
  2538 | D:4      | Reached skill level 4 in Fighting
  2753 | D:4      | Found Muwamu's Distillery.
  2890 | D:4      | Reached XP level 6. HP: 46/48 MP: 6/6
  3459 | D:5      | Entered Level 5 of the Dungeon
  3651 | D:5      | Noticed Grinder
  3664 | D:5      | Killed Grinder
  3665 | D:5      | Reached skill level 5 in Fighting
  3665 | D:5      | Reached XP level 7. HP: 24/56 MP: 7/7
  3846 | D:5      | Found a runed translucent gate.
  3846 | D:5      | Found a runed translucent gate.
  3846 | D:5      | Found a runed translucent gate.
  3847 | D:5      | Found an opulent altar of Gozag.
  3848 | D:5      | Noticed bande's ghost (amateur GrFi)
  3893 | D:5      | Found a shimmering altar of Xom.
  4753 | D:6      | Noticed a wraith
  4767 | D:5      | Killed a wraith
  4768 | D:5      | Reached skill level 5 in Axes
  4768 | D:5      | Gained mutation: You are mostly covered in sharp spines.
                  | [demonic ancestry]
  4768 | D:5      | Reached XP level 8. HP: 47/64 MP: 8/8
  5116 | D:6      | Reached skill level 6 in Fighting
  5864 | D:6      | Noticed Edmund
  5906 | D:6      | Killed Edmund
  6037 | D:6      | Reached skill level 5 in Armour
  6037 | D:6      | Reached skill level 5 in Shields
  6037 | D:6      | Gained mutation: When seriously injured, your blood forms
                  | thick armour. (AC +9) [demonic ancestry]
  6037 | D:6      | Reached XP level 9. HP: 43/71 MP: 9/9
  6184 | D:7      | Reached skill level 7 in Fighting
  7111 | D:7      | Found a staircase to the Ecumenical Temple.
  7124 | Temple   | Entered the Ecumenical Temple
  7278 | Temple   | Became a worshipper of Warmaster Okawaru
  7497 | D:7      | Reached skill level 1 in Invocations
  7836 | D:8      | Killed from afar by an orc priest

Illustrated notes

Levels and vault maps discovered:
D:1:      minmay_arrival_shattered_statue, layout_rooms
D:2:      layout_loops_ring
D:3:      layout_basic, nicolae_hepliaklqana_hazy_memory,
          hellmonk_ecumenical_altar_arch_garden
D:4:      wad_crossroads, layout_basic, serial_shops, shop
D:5:      layout_gridville, mainiacjoe_overflow_cross_hatched,
          ebering_ghost_gozag, uniq_grinder
D:6:      layout_loops_ring, uniq_edmund
D:7:      layout_cave_pools, minmay_temple_entry_gardened_gates
D:8:      layout_basic, amethyst_overflow_temple_binary,
          nicolae_looking_at_the_future, uniq_pikel
Temple:   regret_index_temple_sphere_string

Skill      XL: |  1  2  3  4  5  6  7  8  9 |
---------------+----------------------------+-----
Axes           | 2 3 4 5 6 |  6.8
Armour         | 3 4 5 |  5.4
Shields        | 3 4 5 |  5.2
Dodging        | 1 2 3 4 |  4.2
Fighting       | 4 5 6 7 |  7.6
Invocations    | 1 |  1.3

Action                   |  1- 3 |  4- 6 |  7- 9 || total
-------------------------+-------+-------+-------++-------
Melee: War axe           |    20 |       |       ||    20
       Dagger            |    68 |    97 |       ||   165
       Whip              |       |    43 |   149 ||   192
       Hand axe          |       |       |     4 ||     4
       Scimitar          |       |       |    27 ||    27
       Spear             |       |       |    10 ||    10
  Use: Potion            |       |     1 |     1 ||     2
Armor: Scale mail        |    32 |    45 |    77 ||   154
Dodge: Dodged            |    44 |    44 |   138 ||   226
Block: Buckler           |    18 |    29 |    73 ||   120

Table legend: (Time is in decaauts)
 A = Elapsed time spent in this place.
 B = Non-inter-level travel time spent in this place.
 C = Inter-level travel time spent in this place.
 D = Time resting spent in this place.
 E = Time spent auto-exploring this place.
 F = Levels seen in this place.
 G = Mean time per level.
                   A        B        C        D        E       F      G
               +--------+--------+--------+--------+--------+-----+--------+
         Total |   7874 |   7690 |    184 |    943 |   5500 |   9 |  874.9 |
       Dungeon |   7706 |   7546 |    160 |    943 |   5372 |   8 |  963.2 |
        Temple |    167 |    143 |     24 |      0 |    128 |   1 |  167.0 |
               +--------+--------+--------+--------+--------+-----+--------+

Top non-repeatable levels by time:
     D:6: 2036 daAuts
     D:5: 1376 daAuts
     D:4: 1187 daAuts
     D:3: 865 daAuts
     D:2: 776 daAuts
     D:7: 750 daAuts
     D:1: 643 daAuts
  Temple: 167 daAuts
     D:8: 70 daAuts
